 Dungeon Crawl Stone Soup version 0.26-a0-834-g69557b85cc (webtiles) character file.

Game seed: 7160721615067347845

1962 LufLufFighter the Changer (level 9, -12/82 HPs)
             Began as a Merfolk Transmuter on Nov 16, 2020.
             Was a Follower of Vehumet.
             Mangled by an ogre
             ... wielding a +0 giant spiked club
              (16 damage)
             ... on level 6 of the Dungeon.
             The game lasted 00:12:19 (9680 turns).

LufLufFighter the Changer (Merfolk Transmuter)      Turns: 9680, Time: 00:12:20

Health: -12/82     AC:  6    Str: 13    XL:     9   Next: 19%
Magic:  12/17      EV: 11    Int: 12    God:    Vehumet [*.....]
Gold:   344        SH:  0    Dex: 15    Spells: 3/18 levels left

rFire    x . .     SeeInvis .     - Unarmed
rCold    + + +     Faith    .   (shield currently unavailable)
rNeg     . . .     Spirit   .   (armour currently unavailable)
rPois    +         Reflect  .   (helmet currently unavailable)
rElec    .         Harm     .   (cloak currently unavailable)
rCorr    .         Rampage  .   (gloves currently unavailable)
MR       .....                  (boots currently unavailable)
Stlth    +.........             (no amulet)
HPRegen  0.23/turn              (no ring)
MPRegen  0.15/turn              (no ring)

@: ice-form
A: large, (change form in water), (swift swim), (stealthy swim)
a: End Transformation, Renounce Religion


You were on level 6 of the Dungeon.
You worshipped Vehumet.
Vehumet was aware of your devotion.
You were a creature of crystalline ice.
You visited 1 branch of the dungeon, and saw 7 of its levels.

You collected 344 gold pieces.

Inventory:

Armour
 a - a +1 robe (melded)
Scrolls
 b - a scroll of amnesia
 f - a scroll of silence {unknown}
 g - a scroll of noise {unknown}
 j - a scroll of blinking
 k - 2 scrolls of enchant armour
 l - 3 scrolls of teleportation
 m - 2 scrolls of remove curse
 n - a scroll of magic mapping
 o - a scroll of random uselessness
 s - a scroll of fog
Potions
 c - 2 potions of ambrosia
 d - a potion of brilliance
 e - a potion of curing
 h - 3 potions of attraction
 p - a potion of haste {unknown}
 q - a potion of berserk rage


   Skills:
 * Level 6.0 Fighting
 - Level 2.6 Dodging
 - Level 3.2 Unarmed Combat
 * Level 5.3 Spellcasting
 * Level 7.6 Transmutations
 * Level 5.0 Ice Magic
 - Level 5.1 Poison Magic


You had 3 spell levels left.
You knew the following spells:

 Your Spells              Type           Power        Failure   Level
a - Beastly Appendage     Tmut           ###...       1%          1
b - Wereblood             Tmut           ###.....     1%          2
c - Spider Form           Tmut/Pois      ###.......   4%          3
d - Ice Form              Ice/Tmut       ###.....     14%         4
e - Blade Hands           Tmut           ###.......   22%         5

Your spell library contained the following spells:

 Spells                   Type           Power        Failure   Level
 Freeze                   Ice            ###.         2%          1
 Animate Skeleton         Necr           #.....       19%         1
 Apportation              Tloc           #.....       19%         1
 Corona                   Hex            #......      19%         1
 Summon Small Mammal      Summ           #...         19%         1


Dungeon Overview and Level Annotations

Branches:
Dungeon (7/15)             Temple (0/1) D:6

Altars:
Cheibriados
Hepliaklqana
Kikubaaqudgha
Vehumet
Wu Jian

Shops:
D:6 :


Message History

You hit the ogre. You freeze the ogre.
The ogre is severely wounded.
You warm up again.
Your +1 robe unmelds from your body.
The ogre hits you with a +0 giant spiked club.
You hit the ogre.
The ogre is severely wounded.
The ogre barely misses you.
Casting: Ice Form (dangerous; 14% risk of failure)
Confirm with . or Enter, or press ? or * to list all spells.
You turn into a creature of crystalline ice.
Your +1 robe melds into your body.
You hit the ogre. You freeze the ogre.
The ogre is almost dead.
The ogre hits you with a +0 giant spiked club!!
* * * LOW HITPOINT WARNING * * *
You hit the ogre but do no damage.
The ogre is almost dead.
The ogre hits you with a +0 giant spiked club!
You die...

.....#.####....<..........#
##....∩..#...............##
#...#.#....>..........###
###....##†..............##
≈≈####.##.##...#.........##
§.≈≈≈###..).####..........#
#..§§§#....##(.##.......###
#..8§≈#....##........####
#...§§#..#.....OY....#
##...######..........#
##.##.###...........#
#...#...............#
##....##............##
#.....#.............#
##...##............##
##................#
##.......#.....#####


You could see an ogre.

Vanquished Creatures
  Sigmund (D:3)
  2 steam dragons (D:6)
  2 ice beasts (D:6)
  A sky beast (D:4)
  An orc warrior (D:6)
  A centaur (D:5)
  2 ogres
  A big kobold (D:7)
  3 bullfrogs
  A scorpion (D:6)
  2 bullfrog zombies
  4 orc priests
  3 hounds
  A worker ant (D:4)
  2 orc wizards
  A worker ant zombie (D:7)
  10 adders
  2 shadow imps (D:6)
  2 ufetubi (D:6)
  An ooze (D:1)
  An adder zombie (D:5)
  3 worms
  2 dart slugs (D:1)
  4 leopard geckos
  14 orcs
  11 bats
  5 giant cockroaches
  9 goblins
  5 hobgoblins
  6 jackals
  3 quokkas
  4 ball pythons
  5 frilled lizards
  15 kobolds
  6 rats
136 creatures vanquished.

Notes
Turn   | Place    | Note
-------+----------+-------------------------------------------
     0 | D:1      | LufLufFighter the Merfolk Transmuter began the quest for
                  | the Orb.
     0 | D:1      | Reached XP level 1. HP: 15/15 MP: 3/3
   134 | D:1      | Reached skill level 3 in Transmutations
   134 | D:1      | Reached XP level 2. HP: 12/21 MP: 3/5
   137 | D:1      | Learned a level 2 spell: Wereblood
   629 | D:1      | Reached XP level 3. HP: 14/27 MP: 6/6
   643 | D:1      | Learned a level 3 spell: Spider Form
  1457 | D:2      | Found an ornate altar of the Wu Jian Council.
  1668 | D:2      | Found a faded altar of an unknown god.
  1676 | D:2      | Reached XP level 4. HP: 34/34 MP: 6/8
  1853 | D:2      | Reached skill level 1 in Poison Magic
  2168 | D:2      | Reached skill level 4 in Transmutations
  3208 | D:3      | Reached XP level 5. HP: 40/40 MP: 4/9
  3599 | D:3      | Learned a level 4 spell: Ice Form
  3692 | D:3      | Noticed a torpor snail
  3693 | D:3      | Noticed Sigmund
  3703 | D:3      | Killed Sigmund
  3704 | D:3      | Reached skill level 1 in Ice Magic
  3704 | D:3      | Reached XP level 6. HP: 47/47 MP: 6/11
  4032 | D:3      | Found a snail-covered altar of Cheibriados.
  4032 | D:3      | Noticed a torpor snail
  4035 | D:3      | Noticed a torpor snail
  4513 | D:4      | Reached skill level 5 in Transmutations
  4530 | D:4      | Reached XP level 7. HP: 18/53 MP: 7/12
  5587 | D:4      | Found a hazy altar of Hepliaklqana.
  5593 | D:4      | Found an ancient bone altar of Kikubaaqudgha.
  5596 | D:4      | Found a radiant altar of Vehumet.
  5600 | D:4      | Became a worshipper of Vehumet
  5656 | D:5      | Entered Level 5 of the Dungeon
  6465 | D:5      | Reached skill level 6 in Transmutations
  6929 | D:5      | Got a steaming long sword
  6930 | D:5      | Identified the +7 long sword "Acefu" {pain, MR- Dex+6} (You
                  | found it on level 5 of the Dungeon)
  6976 | D:5      | Reached XP level 8. HP: 48/61 MP: 11/14
  6991 | D:5      | Learned a level 5 spell: Blade Hands
  7595 | D:6      | Reached skill level 5 in Fighting
  8215 | D:6      | Found Ihao's Book Emporium.
  8264 | D:6      | Reached * piety under Vehumet
  8264 | D:6      | Offered knowledge of Freeze by Vehumet.
  8411 | D:6      | Reached skill level 7 in Transmutations
  8471 | D:6      | Reached skill level 5 in Spellcasting
  8471 | D:6      | Reached skill level 5 in Poison Magic
  8854 | D:6      | Reached XP level 9. HP: 54/69 MP: 11/16
  9412 | D:6      | Found a staircase to the Ecumenical Temple.
  9655 | D:7      | Reached skill level 5 in Ice Magic
  9678 | D:6      | HP: 4/82 [ogre/+0 giant spiked club (27)]
  9680 | D:6      | Mangled by an ogre

Illustrated notes

Levels and vault maps discovered:
D:1:      dpeg_arrival_subterranean_lakeside_camping, layout_basic
D:2:      layout_rooms, lemuel_crystal_altar, chequers_ecumenical_altar_simple
D:3:      layout_basic, cheibriados_altar_2, uniq_sigmund
D:4:      layout_basic, grunt_temple_overflow_diamond
D:5:      layout_loops_corners
D:6:      cheibrodos_steamvent, layout_cave_pools,
          minmay_temple_entry_antechambers, serial_shops, nicolae_shop_crystal
D:7:      layout_cave_pools, kennysheep_little_box, glass_columns_c,
          wad_rectangle_vault, uniq_duvessa

Skill      XL: |  1  2  3  4  5  6  7  8  9 |
---------------+----------------------------+-----
Transmutations | 3 4 5 6 7 |  7.6
Fighting       | 2 3 4 5 6 |  6.0
Poison Magic   | 1 2 3 5 |  5.1
Spellcasting   | 3 4 5 |  5.3
Ice Magic      | 1 2 3 4 5 |  5.0
Dodging        | |  2.6
Unarmed Combat | |  3.2

Action                   |  1- 3 |  4- 6 |  7- 9 || total
-------------------------+-------+-------+-------++-------
Melee: Unarmed           |   111 |   139 |   210 ||   460
       Headbutt          |    12 |    10 |       ||    22
       Punch             |     2 |     1 |       ||     3
 Cast: Beastly Appendage |    24 |    19 |       ||    43
       Spider Form       |       |    10 |    26 ||    36
       Ice Form          |       |       |     9 ||     9
  Use: Scroll            |       |       |    17 ||    17
       Potion            |       |       |     6 ||     6
 Stab: Sleeping          |       |     1 |     1 ||     2
Armor: Robe              |    14 |     8 |     1 ||    23
       Skin              |       |     2 |    27 ||    29
Dodge: Dodged            |    67 |    98 |   206 ||   371

Table legend: (Time is in decaauts)
 A = Elapsed time spent in this place.
 B = Non-inter-level travel time spent in this place.
 C = Inter-level travel time spent in this place.
 D = Time resting spent in this place.
 E = Time spent auto-exploring this place.
 F = Levels seen in this place.
 G = Mean time per level.
                   A        B        C        D        E       F      G
               +--------+--------+--------+--------+--------+-----+--------+
         Total |   9652 |   9509 |    143 |   3889 |   4519 |   7 | 1378.9 |
       Dungeon |   9652 |   9509 |    143 |   3889 |   4519 |   7 | 1378.9 |
               +--------+--------+--------+--------+--------+-----+--------+

Top non-repeatable levels by time:
     D:6: 2358 daAuts
     D:3: 2156 daAuts
     D:5: 1629 daAuts
     D:1: 1450 daAuts
     D:4: 1153 daAuts
     D:2: 874 daAuts
     D:7: 29 daAuts
